DETROIT Red Wings vs BUFFALO Sabres

Created - 8 février 2019 at 16:22

Goals
1 2 3 T
DETROIT Red Wings 0 0 1 1
BUFFALO Sabres 2 2 3 7
Shots
1 2 3 T
DETROIT Red Wings 7 5 7 19
BUFFALO Sabres 11 11 12 34

1st period

1. BUFFALO Sabres , Artemi Panarin 27 (Ryan Ellis 30, Tyler Johnson 13) at 13:40
2. BUFFALO Sabres , Tyler Johnson 9 (Ryan Ellis 31, Artemi Panarin 27) at 17:57

Penalties :
Jan Rutta (DET) for Holding (Minor) at 13:43

2nd period

3. BUFFALO Sabres , Henrik Zetterberg 11 (Nazem Kadri 5, John Klingberg 23) at 3:50
4. BUFFALO Sabres , Tyson Barrie 7 (Tyler Johnson 14, Nazem Kadri 6) at 7:06 (PP)

Penalties :
Erik Karlsson (DET) for Hooking (Minor) at 1:48, Shayne Gostisbehere (DET) for Interference (Minor) at 6:17, Nazem Kadri (BUF) for Hooking (Minor) at 11:39, Tyson Barrie (BUF) for High sticking (Minor) at 18:43, T.J. Oshie (DET) for High sticking (Minor) at 18:43

3rd period

5. DETROIT Red Wings , Evander Kane 10 (Ryan O'Reilly 25, Shayne Gostisbehere 31) at 1:12
6. BUFFALO Sabres , Jaden Schwartz 19 (Tyson Barrie 24, Ryan Ellis 32) at 7:21 (PP)
7. BUFFALO Sabres , Artemi Panarin 28 (Nazem Kadri 7, Brent Burns 17) at 9:03
8. BUFFALO Sabres , Brayden Point 20 (Jaden Schwartz 31, Nathan MacKinnon 29) at 14:44

Penalties :
Carl Gunnarsson (DET) for Roughing (Minor) at 6:42

Goalie Stats

Aaron Dell (DET), 6 saves from 7 shots - (0,857), 10:57 minutes
Carey Price (DET), 21 saves from 27 shots - (0,778), L, 30-15-4, 49:03 minutes
Braden Holtby (BUF), 18 saves from 19 shots - (0,947), W, 35-11-6, 60:00 minutes

Players Stats for DETROIT Red Wings

Player Name              G  A  P  +/- PIM S  H  SB GA TA FO     MP     PP MP  PK MP  
------------------------------------------------------------------------------------
Alexander Wennberg       0  0  0   0  0   1  0  0  0  0  0/0    16:35   1:24   0:00 
Bryan Rust               0  0  0  -2  0   1  1  0  0  0  0/0    12:05   0:00   0:00 
Cam Fowler               0  0  0  -2  0   0  3  4  0  0  0/0    23:30   0:35   2:11 
Carl Gunnarsson          0  0  0  -1  2   0  0  1  0  0  0/0    15:49   0:00   2:36 
Derek MacKenzie          0  0  0   0  0   1  0  0  0  0  6/13    6:35   0:00   1:11 
Erik Karlsson            0  0  0  -2  2   1  5  1  0  0  0/0    24:09   0:35   0:47 
Evander Kane             1  0  1   0  0   3  1  0  0  0  0/0    16:35   1:24   0:00 
Evgeny Kuznetsov         0  0  0  -2  0   2  2  0  0  0  1/1    21:07   0:35   0:37 
Jan Rutta                0  0  0  -1  2   0  0  1  0  0  0/0    15:15   0:00   2:02 
Jeff Petry               0  0  0  -1  0   0  1  3  0  0  0/0    23:17   1:24   3:16 
Lars Eller               0  0  0  -2  0   2  0  1  0  0  7/14   13:43   0:00   1:38 
Micheal Ferland          0  0  0   0  0   0  2  0  0  0  0/0     5:24   0:00   0:00 
Pierre-Edouard Bellemare 0  0  0   0  0   0  0  0  0  0  0/0     5:24   0:00   0:00 
Ryan O'Reilly            0  1  1   0  0   2  0  0  0  0  16/27  20:23   1:24   3:48 
Shayne Gostisbehere      0  1  1  -1  2   0  0  0  0  0  0/0    17:56   1:24   0:00 
Sidney Crosby            0  0  0  -2  0   4  1  0  0  0  15/27  20:30   0:35   0:00 
T.J. Oshie               0  0  0  -2  2   2  1  0  0  0  0/0    18:30   0:35   0:00 
Zach Hyman               0  0  0  -2  0   0  1  0  0  0  0/2    15:43   0:00   3:38 

Players Stats for BUFFALO Sabres

Player Name              G  A  P  +/- PIM S  H  SB GA TA FO     MP     PP MP  PK MP  
------------------------------------------------------------------------------------
Artemi Panarin           2  1  3   3  0   4  1  0  0  0  1/1    20:21   2:46   0:00 
Brayden Point            1  0  1   1  0   7  2  0  0  0  0/0    22:13   2:46   0:28 
Brent Burns              0  1  1   3  0   2  3  1  0  0  0/0    26:22   3:24   1:11 
Elias Lindholm           0  0  0   0  0   0  0  0  0  0  0/1    10:41   0:00   0:00 
Henrik Zetterberg        1  0  1   0  0   2  0  0  0  0  7/12   10:41   0:00   0:00 
Jaden Schwartz           1  1  2   1  0   2  1  0  0  0  0/0    21:33   2:40   0:00 
James Neal               0  0  0   0  0   2  0  0  0  0  0/0    10:41   0:00   0:00 
Jesper Bratt             0  0  0   0  0   1  0  0  0  0  0/0     5:20   0:00   0:00 
John Klingberg           0  1  1   1  0   0  2  0  0  0  0/0    23:56   3:24   0:48 
Luke Glendening          0  0  0   0  0   0  0  0  0  0  5/10    6:51   0:00   1:31 
Matt Hunwick             0  0  0   0  0   0  0  0  0  0  0/0    13:39   0:00   0:48 
Mike Green               0  0  0   0  0   1  2  0  0  0  0/0    12:57   0:00   0:00 
Nathan MacKinnon         0  1  1   1  0   6  2  0  0  0  15/29  24:00   2:46   0:28 
Nazem Kadri              0  3  3   3  2   1  3  0  0  0  11/29  18:21   2:40   0:00 
Ryan Ellis               0  3  3   3  0   2  2  2  0  0  0/0    24:25   2:02   1:11 
Tyler Johnson            1  2  3   3  0   1  2  0  0  0  0/2    19:59   2:40   1:31 
Tyson Barrie             1  1  2   1  2   2  1  0  0  0  0/0    18:40   2:02   0:00 
Vladimir Sobotka         0  0  0   0  0   1  1  0  0  0  0/0     5:20   0:00   0:00 

3 Stars

1 - Artemi Panarin (BUF)
2 - Tyler Johnson (BUF)
3 - Ryan Ellis (BUF)

Power Play

DETROIT Red Wings - 0 on 1 Attempt(s) - 0,00%
BUFFALO Sabres - 2 on 4 Attempt(s) - 50,00%

Penalty Kill

DETROIT Red Wings - 2 on 4 Attempt(s) - 50,00% - Score 0 goal in Penalty Kill
BUFFALO Sabres - 1 on 1 Attempt(s) - 100,00% - Score 0 goal in Penalty Kill

Team Stat

DETROIT Red Wings - Hits : 18 - Faceoff Wins : 45 - Blocked Shots : 11 - Penalty Minutes : 10
BUFFALO Sabres - Hits : 22 - Faceoff Wins : 39 - Blocked Shots : 3 - Penalty Minutes : 4

Official

Referees : Unknown
Linesman : Unknown

Game Notes

Aaron Dell enters game at 9:03 of 3rd period

Finance

Level 1 -- Attendance: 5106 (85,10%) -- Ticket Income 510 600 $
Level 2 -- Attendance: 4108 (82,16%) -- Ticket Income 246 480 $
Level 3 -- Attendance: 2000 (100,00%) -- Ticket Income 70 000 $
Level 4 -- Attendance: 4000 (100,00%) -- Ticket Income 80 000 $
Luxury Box -- Attendance: 830 (83,00%) -- Ticket Income 166 000 $
Game was played at the First Niagara Center.
Total Attendance: 16044 (89,13%)
Total Ticket Income: 1 073 080 $
Other Income: 418 501 $
Total Income: 1 491 581 $

DETROIT Red Wings

5 vs 5 Forward 
   Center                   Left Wing                Right Wing               Time % Phy DF OF 
 1 Sidney Crosby            Evgeny Kuznetsov         T.J. Oshie               35     1   1  3  
 2 Ryan O'Reilly            Evander Kane             Alexander Wennberg       30     1   1  3  
 3 Lars Eller               Bryan Rust               Zach Hyman               25     1   2  2  
 4 Derek MacKenzie          Pierre-Edouard Bellemare Micheal Ferland          10     1   2  2  

5 vs 5 Defense 
   Defense                  Defense                                           Time % Phy DF OF 
 1 Erik Karlsson            Cam Fowler                                        35     1   1  3  
 2 Jeff Petry               Shayne Gostisbehere                               30     1   1  3  
 3 Jan Rutta                Carl Gunnarsson                                   25     1   2  2  
 4 Erik Karlsson            Jeff Petry                                        10     1   2  2  

PowerPlay Forward 
   Center                   Left Wing                Right Wing               Time % Phy DF OF 
 1 Sidney Crosby            Evgeny Kuznetsov         T.J. Oshie               60     0   1  4  
 2 Ryan O'Reilly            Evander Kane             Alexander Wennberg       40     0   1  4  

PowerPlay Defense
   Defense                  Defense                                           Time % Phy DF OF 
 1 Erik Karlsson            Cam Fowler                                        60     0   1  4  
 2 Jeff Petry               Shayne Gostisbehere                               40     0   1  4  

Penalty Kill 4 Players Forward 
   Center                   Wing                     Time % Phy DF OF 
 1 Ryan O'Reilly            Zach Hyman               60     1   3  1  
 2 Derek MacKenzie          Lars Eller               40     1   3  1  

Penalty Kill 4 Players Defense
   Defense                  Defense                  Time % Phy DF OF 
 1 Jeff Petry               Cam Fowler               60     1   3  1  
 2 Jan Rutta                Carl Gunnarsson          40     1   3  1  

Penalty Kill - 3 Players Forward 
   Forward                                           Time % Phy DF OF 
 1 Ryan O'Reilly                                     60     1   4  0  
 2 Lars Eller                                        40     1   4  0  

Penalty Kill - 3 Players Defense
   Defense                  Defense                  Time % Phy DF OF 
 1 Jeff Petry               Cam Fowler               60     1   4  0  
 2 Jan Rutta                Carl Gunnarsson          40     1   4  0  

4 vs 4 Forward 
   Center                   Wing                     Time % Phy DF OF 
 1 Sidney Crosby            Evgeny Kuznetsov         60     1   1  3  
 2 Ryan O'Reilly            T.J. Oshie               40     1   1  3  

4 vs 4 Defense
   Defense                  Defense                  Time % Phy DF OF 
 1 Erik Karlsson            Cam Fowler               60     1   2  2  
 2 Jeff Petry               Shayne Gostisbehere      40     1   2  2  

Last Minutes Offensive
   Center                   Left Wing                Right Wing               Defense                  Defense                  
   Sidney Crosby            Evgeny Kuznetsov         T.J. Oshie               Erik Karlsson            Cam Fowler               

Last Minutes Defensive
   Center                   Left Wing                Right Wing               Defense                  Defense                  
   Ryan O'Reilly            Lars Eller               Zach Hyman               Erik Karlsson            Cam Fowler               

Goaltenders
Starting : Carey Price              
Backup : Aaron Dell               

Extra Forwards
Normal : Micheal Ferland, Zach Hyman, Lars Eller - PP : Bryan Rust, Zach Hyman - PK : Lars Eller
Extra Defensemen
Normal : Jeff Petry, Shayne Gostisbehere, Erik Karlsson - PP : Erik Karlsson - PK : Jeff Petry, Erik Karlsson
Penalty Shots
Sidney Crosby, Lars Eller, T.J. Oshie, Evander Kane, Evgeny Kuznetsov

BUFFALO Sabres

5 vs 5 Forward 
   Center                   Left Wing                Right Wing               Time % Phy DF OF 
 1 Nathan MacKinnon         Jaden Schwartz           Brayden Point            40     1   2  2  
 2 Nazem Kadri              Artemi Panarin           Tyler Johnson            30     1   2  2  
 3 Henrik Zetterberg        James Neal               Elias Lindholm           20     1   2  2  
 4 Luke Glendening          Jesper Bratt             Vladimir Sobotka         10     1   2  2  

5 vs 5 Defense 
   Defense                  Defense                                           Time % Phy DF OF 
 1 Brent Burns              Ryan Ellis                                        40     1   2  2  
 2 John Klingberg           Tyson Barrie                                      30     1   2  2  
 3 Mike Green               Matt Hunwick                                      20     1   2  2  
 4 Ryan Ellis               John Klingberg                                    10     1   2  2  

PowerPlay Forward 
   Center                   Left Wing                Right Wing               Time % Phy DF OF 
 1 Nathan MacKinnon         Artemi Panarin           Brayden Point            60     1   2  2  
 2 Nazem Kadri              Jaden Schwartz           Tyler Johnson            40     1   2  2  

PowerPlay Defense
   Defense                  Defense                                           Time % Phy DF OF 
 1 Brent Burns              John Klingberg                                    60     1   2  2  
 2 Ryan Ellis               Tyson Barrie                                      40     1   2  2  

Penalty Kill 4 Players Forward 
   Center                   Wing                     Time % Phy DF OF 
 1 Luke Glendening          Tyler Johnson            60     1   2  2  
 2 Brayden Point            Nathan MacKinnon         40     1   2  2  

Penalty Kill 4 Players Defense
   Defense                  Defense                  Time % Phy DF OF 
 1 Brent Burns              Ryan Ellis               60     1   2  2  
 2 John Klingberg           Matt Hunwick             40     1   2  2  

Penalty Kill - 3 Players Forward 
   Forward                                           Time % Phy DF OF 
 1 Luke Glendening                                   60     1   2  2  
 2 Tyler Johnson                                     40     1   2  2  

Penalty Kill - 3 Players Defense
   Defense                  Defense                  Time % Phy DF OF 
 1 Matt Hunwick             Ryan Ellis               60     1   2  2  
 2 John Klingberg           Mike Green               40     1   2  2  

4 vs 4 Forward 
   Center                   Wing                     Time % Phy DF OF 
 1 Nathan MacKinnon         Artemi Panarin           60     1   2  2  
 2 Brayden Point            Tyler Johnson            40     1   2  2  

4 vs 4 Defense
   Defense                  Defense                  Time % Phy DF OF 
 1 Brent Burns              John Klingberg           60     1   2  2  
 2 Ryan Ellis               Tyson Barrie             40     1   2  2  

Last Minutes Offensive
   Center                   Left Wing                Right Wing               Defense                  Defense                  
   Nathan MacKinnon         Artemi Panarin           Jaden Schwartz           Brent Burns              Tyson Barrie             

Last Minutes Defensive
   Center                   Left Wing                Right Wing               Defense                  Defense                  
   Brayden Point            Tyler Johnson            Jaden Schwartz           Ryan Ellis               Matt Hunwick             

Goaltenders
Starting : Braden Holtby            
Backup : Alexandar Georgiev       

Extra Forwards
Normal : Nathan MacKinnon, Artemi Panarin, Brayden Point - PP : Nathan MacKinnon, Artemi Panarin - PK : Tyler Johnson
Extra Defensemen
Normal : Brent Burns, Tyson Barrie, John Klingberg - PP : Brent Burns - PK : Matt Hunwick, John Klingberg
Penalty Shots
Nathan MacKinnon, Artemi Panarin, Jaden Schwartz, Henrik Zetterberg, Brayden Point


% Time on Ice - DETROIT Red Wings

Lines # - Real PCT - Wanted PCT - Time Play
Normal Forward
1 - 35% - 35% - 17:56
2 - 30% - 30% - 15:11
3 - 24% - 25% - 12:05
4 - 11% - 10% - 5:24
Normal Defense
1 - 37% - 35% - 18:55
2 - 32% - 30% - 16:23
3 - 26% - 25% - 13:14
4 - 4% - 10% - 2:04
PP Forward
1 - 29% - 60% - 0:35
2 - 71% - 40% - 1:24
PP Defense
1 - 29% - 60% - 0:35
2 - 71% - 40% - 1:24
PK Forward
1 - 78% - 60% - 4:15
2 - 22% - 40% - 1:11
PK Defense
1 - 40% - 60% - 2:11
2 - 60% - 40% - 3:15
PK3 Forward
1 - 0% - 60%
2 - 0% - 40%
PK3 Defense
1 - 0% - 60%
2 - 0% - 40%
44 Forward
1 - 100% - 60% - 1:59
2 - 0% - 40% - 0:00
44 Defense
1 - 92% - 60% - 1:49
2 - 8% - 40% - 0:10
Last Minute Offensive  - 0:00
Last Minute Defensive  - 0:00
Total
Forward - 60:00
Defense - 60:00

% Time on Ice - BUFFALO Sabres

Lines # - Real PCT - Wanted PCT - Time Play
Normal Forward
1 - 37% - 40% - 18:53
2 - 31% - 30% - 15:42
3 - 21% - 20% - 10:41
4 - 11% - 10% - 5:20
Normal Defense
1 - 39% - 40% - 19:54
2 - 33% - 30% - 16:39
3 - 25% - 20% - 12:51
4 - 2% - 10% - 1:12
PP Forward
1 - 51% - 60% - 2:46
2 - 49% - 40% - 2:40
PP Defense
1 - 63% - 60% - 3:24
2 - 37% - 40% - 2:02
PK Forward
1 - 76% - 60% - 1:31
2 - 24% - 40% - 0:28
PK Defense
1 - 60% - 60% - 1:11
2 - 40% - 40% - 0:48
PK3 Forward
1 - 0% - 60%
2 - 0% - 40%
PK3 Defense
1 - 0% - 60%
2 - 0% - 40%
44 Forward
1 - 95% - 60% - 1:53
2 - 5% - 40% - 0:06
44 Defense
1 - 95% - 60% - 1:53
2 - 5% - 40% - 0:06
Last Minute Offensive  - 0:00
Last Minute Defensive  - 0:00
Total
Forward - 60:00
Defense - 60:00

Play-by-Play

1st period


0:01 of 1st period - Sidney Crosby wins face-off versus Nathan MacKinnon in neutral zone.
0:03 of 1st period - Off-side.
0:04 of 1st period - Ryan O'Reilly wins face-off versus Nazem Kadri in neutral zone.
0:12 of 1st period - Alexander Wennberg is hit by Tyson Barrie.
0:50 of 1st period - Shot by Evander Kane.
0:50 of 1st period - Deflect By Ryan O'Reilly.
0:50 of 1st period - Stopped by Braden Holtby with a rebound.
1:34 of 1st period - Sidney Crosby is hit by Brent Burns and loses puck.
1:41 of 1st period - Shot by Sidney Crosby.
1:41 of 1st period - Stopped by Braden Holtby without a rebound.
1:42 of 1st period - Lars Eller wins face-off versus Henrik Zetterberg in BUFFALO Sabres zone.
1:42 of 1st period - Bryan Rust is hit by Mike Green and loses puck.
1:49 of 1st period - Shot by Bryan Rust.
1:49 of 1st period - Shot Misses the Net.
1:51 of 1st period - Shot by Lars Eller.
1:51 of 1st period - Stopped by Braden Holtby without a rebound.
1:52 of 1st period - Luke Glendening wins face-off versus Derek MacKenzie in BUFFALO Sabres zone.
2:17 of 1st period - Shot by Derek MacKenzie.
2:17 of 1st period - Stopped by Braden Holtby without a rebound.
2:18 of 1st period - Henrik Zetterberg wins face-off versus Lars Eller in BUFFALO Sabres zone.
2:18 of 1st period - Henrik Zetterberg is hit by Bryan Rust.
2:37 of 1st period - Ryan Ellis is hit by Erik Karlsson.
2:45 of 1st period - Shot by Bryan Rust.
2:45 of 1st period - Shot Misses the Net.
3:15 of 1st period - Shot by Sidney Crosby.
3:15 of 1st period - Shot Misses the Net.
3:17 of 1st period - Shot by Sidney Crosby.
3:17 of 1st period - Shot Misses the Net.
3:29 of 1st period - Shot by T.J. Oshie.
3:29 of 1st period - Stopped by Braden Holtby without a rebound.
3:30 of 1st period - Nathan MacKinnon wins face-off versus Derek MacKenzie in BUFFALO Sabres zone.
3:30 of 1st period - Nathan MacKinnon is hit by Micheal Ferland.
3:57 of 1st period - Icing by Jeff Petry.
3:58 of 1st period - Derek MacKenzie wins face-off versus Nazem Kadri in DETROIT Red Wings zone.
5:01 of 1st period - Shot by Evgeny Kuznetsov.
5:01 of 1st period - Stopped by Braden Holtby without a rebound.
5:02 of 1st period - Nathan MacKinnon wins face-off versus Ryan O'Reilly in BUFFALO Sabres zone.
5:02 of 1st period - Tyson Barrie is hit by Evander Kane and loses puck.
5:40 of 1st period - Shot by Nathan MacKinnon.
5:40 of 1st period - Shot Misses the Net.
6:10 of 1st period - Shot by Luke Glendening.
6:10 of 1st period - Shot Misses the Net.
6:46 of 1st period - Luke Glendening is hit by Cam Fowler and loses puck.
7:13 of 1st period - Shot by Sidney Crosby.
7:13 of 1st period - Stopped by Braden Holtby without a rebound.
7:14 of 1st period - Nazem Kadri wins face-off versus Derek MacKenzie in BUFFALO Sabres zone.
7:16 of 1st period - Icing by Ryan Ellis.
7:17 of 1st period - Ryan O'Reilly wins face-off versus Nazem Kadri in BUFFALO Sabres zone.
7:17 of 1st period - Ryan O'Reilly is hit by Ryan Ellis.
7:30 of 1st period - Shot by Nazem Kadri.
7:30 of 1st period - Shot Misses the Net.
7:40 of 1st period - Shot by Artemi Panarin.
7:40 of 1st period - Shot Misses the Net.
7:42 of 1st period - Shot by Ryan Ellis.
7:42 of 1st period - Stopped by Carey Price without a rebound.
7:43 of 1st period - Nathan MacKinnon wins face-off versus Sidney Crosby in DETROIT Red Wings zone.
7:56 of 1st period - Shot by Brayden Point.
7:56 of 1st period - Shot Blocked by Jeff Petry.
7:58 of 1st period - Shot by Jaden Schwartz.
7:58 of 1st period - Shot Misses the Net.
8:00 of 1st period - Shot by Brayden Point.
8:00 of 1st period - Shot Misses the Net.
8:02 of 1st period - Shot by Tyson Barrie.
8:02 of 1st period - Shot Hit the Post.
9:29 of 1st period - Icing by Jeff Petry.
9:30 of 1st period - Sidney Crosby wins face-off versus Tyler Johnson in DETROIT Red Wings zone.
9:30 of 1st period - Sidney Crosby is hit by Tyler Johnson.
9:44 of 1st period - Shot by Artemi Panarin.
9:44 of 1st period - Stopped by Carey Price without a rebound.
9:45 of 1st period - Lars Eller wins face-off versus Nathan MacKinnon in DETROIT Red Wings zone.
9:45 of 1st period - Lars Eller is hit by Brayden Point.
10:05 of 1st period - Jaden Schwartz is hit by Erik Karlsson and loses puck.
10:09 of 1st period - Nathan MacKinnon is hit by Erik Karlsson and loses puck.
10:54 of 1st period - Carl Gunnarsson is hit by Nazem Kadri and loses puck.
11:15 of 1st period - Shot by Artemi Panarin.
11:15 of 1st period - Shot Misses the Net.
11:48 of 1st period - Shot by Henrik Zetterberg.
11:48 of 1st period - Deflect By James Neal.
11:48 of 1st period - Stopped by Carey Price without a rebound.
11:49 of 1st period - Derek MacKenzie wins face-off versus Luke Glendening in DETROIT Red Wings zone.
11:54 of 1st period - Vladimir Sobotka is hit by Micheal Ferland.
12:03 of 1st period - Icing by Cam Fowler.
12:04 of 1st period - Derek MacKenzie wins face-off versus Nathan MacKinnon in DETROIT Red Wings zone.
12:04 of 1st period - Derek MacKenzie is hit by Jaden Schwartz.
13:08 of 1st period - Icing by Jeff Petry.
13:09 of 1st period - Sidney Crosby wins face-off versus Nazem Kadri in DETROIT Red Wings zone.
13:32 of 1st period - Shot by Tyler Johnson.
13:32 of 1st period - Shot Misses the Net.
13:34 of 1st period - Shot by Artemi Panarin.
13:34 of 1st period - Shot Misses the Net.
13:36 of 1st period - Shot by Ryan Ellis.
13:36 of 1st period - Shot Misses the Net.
13:40 of 1st period - Shot by Artemi Panarin.
13:40 of 1st period - Goal by Artemi Panarin - DETROIT Red Wings : 0 - BUFFALO Sabres : 1.
13:41 of 1st period - Henrik Zetterberg wins face-off versus Ryan O'Reilly in neutral zone.
13:43 of 1st period - Minor Penalty to Jan Rutta for Holding.
13:44 of 1st period - Ryan O'Reilly wins face-off versus Nathan MacKinnon in DETROIT Red Wings zone.
13:44 of 1st period - Ryan O'Reilly is hit by Brayden Point.
14:08 of 1st period - Shot by John Klingberg.
14:08 of 1st period - Shot Misses the Net.
14:10 of 1st period - Shot by Artemi Panarin.
14:10 of 1st period - Deflect By Nathan MacKinnon.
14:10 of 1st period - Stopped by Carey Price without a rebound.
14:11 of 1st period - Ryan O'Reilly wins face-off versus Nazem Kadri in DETROIT Red Wings zone.
14:11 of 1st period - Ryan O'Reilly is hit by Nazem Kadri.
14:27 of 1st period - Shot by Nazem Kadri.
14:27 of 1st period - Shot Blocked by Jeff Petry.
14:29 of 1st period - Shot by Jaden Schwartz.
14:29 of 1st period - Shot Hit the Post.
14:31 of 1st period - Shot by Nazem Kadri.
14:31 of 1st period - Shot Misses the Net.
14:33 of 1st period - Shot by Ryan Ellis.
14:33 of 1st period - Stopped by Carey Price without a rebound.
14:34 of 1st period - Nathan MacKinnon wins face-off versus Ryan O'Reilly in DETROIT Red Wings zone.
14:41 of 1st period - Shot by Nathan MacKinnon.
14:41 of 1st period - Stopped by Carey Price with a rebound.
14:43 of 1st period - Shot by Brent Burns.
14:43 of 1st period - Shot Misses the Net.
14:45 of 1st period - Shot by Brent Burns.
14:45 of 1st period - Stopped by Carey Price without a rebound.
14:46 of 1st period - Nazem Kadri wins face-off versus Derek MacKenzie in DETROIT Red Wings zone.
16:51 of 1st period - Ryan O'Reilly is hit by Brent Burns and loses puck.
16:54 of 1st period - Shot by Jan Rutta.
16:54 of 1st period - Shot Misses the Net.
17:04 of 1st period - Icing by Ryan O'Reilly.
17:05 of 1st period - Nathan MacKinnon wins face-off versus Ryan O'Reilly in DETROIT Red Wings zone.
17:12 of 1st period - Shot by Brayden Point.
17:12 of 1st period - Stopped by Carey Price without a rebound.
17:13 of 1st period - Lars Eller wins face-off versus Nathan MacKinnon in DETROIT Red Wings zone.
17:13 of 1st period - Lars Eller is hit by Nathan MacKinnon.
17:32 of 1st period - Zach Hyman is hit by John Klingberg and loses puck.
17:49 of 1st period - Icing by Shayne Gostisbehere.
17:50 of 1st period - Nazem Kadri wins face-off versus Zach Hyman in DETROIT Red Wings zone.
17:57 of 1st period - Shot by Tyler Johnson.
17:57 of 1st period - Goal by Tyler Johnson - DETROIT Red Wings : 0 - BUFFALO Sabres : 2.
17:58 of 1st period - Ryan O'Reilly wins face-off versus Nazem Kadri in neutral zone.
18:37 of 1st period - Alexander Wennberg is hit by Tyler Johnson.
18:43 of 1st period - Shot by Brent Burns.
18:43 of 1st period - Shot Blocked by Jan Rutta.
19:33 of 1st period - Shot by Brayden Point.
19:33 of 1st period - Shot Misses the Net.
19:41 of 1st period - Shot by Brayden Point.
19:41 of 1st period - Shot Misses the Net.
19:57 of 1st period - Shot by Henrik Zetterberg.
19:57 of 1st period - Shot Hit the Post.
19:59 of 1st period - Shot by James Neal.
19:59 of 1st period - Stopped by Carey Price without a rebound.
Goals for this period are 0 for DETROIT Red Wings vs 2 for BUFFALO Sabres.
Shots for this period are 7 for DETROIT Red Wings vs 11 for BUFFALO Sabres.

2nd period


0:01 of 2nd period - Nathan MacKinnon wins face-off versus Sidney Crosby in neutral zone.
0:05 of 2nd period - Icing by Evgeny Kuznetsov.
0:06 of 2nd period - Nathan MacKinnon wins face-off versus Sidney Crosby in DETROIT Red Wings zone.
0:46 of 2nd period - Icing by Brent Burns.
0:47 of 2nd period - Lars Eller wins face-off versus Nathan MacKinnon in BUFFALO Sabres zone.
0:48 of 2nd period - Shot by Bryan Rust.
0:48 of 2nd period - Stopped by Braden Holtby without a rebound.
0:49 of 2nd period - Lars Eller wins face-off versus Nazem Kadri in BUFFALO Sabres zone.
1:15 of 2nd period - Shot by Tyson Barrie.
1:15 of 2nd period - Stopped by Carey Price without a rebound.
1:16 of 2nd period - Ryan O'Reilly wins face-off versus Nathan MacKinnon in DETROIT Red Wings zone.
1:27 of 2nd period - Shot by Evander Kane.
1:27 of 2nd period - Shot Hit the Post.
1:29 of 2nd period - Shot by Erik Karlsson.
1:29 of 2nd period - Shot Blocked by Ryan Ellis.
1:48 of 2nd period - Minor Penalty to Erik Karlsson for Hooking.
1:49 of 2nd period - Nazem Kadri wins face-off versus Ryan O'Reilly in DETROIT Red Wings zone.
2:48 of 2nd period - Shot by Brayden Point.
2:48 of 2nd period - Stopped by Carey Price without a rebound.
2:49 of 2nd period - Nathan MacKinnon wins face-off versus Derek MacKenzie in DETROIT Red Wings zone.
3:38 of 2nd period - Shot by Brent Burns.
3:38 of 2nd period - Shot Blocked by Jeff Petry.
3:50 of 2nd period - Shot by Henrik Zetterberg.
3:50 of 2nd period - Goal by Henrik Zetterberg - DETROIT Red Wings : 0 - BUFFALO Sabres : 3.
3:51 of 2nd period - Sidney Crosby wins face-off versus Elias Lindholm in neutral zone.
4:42 of 2nd period - Off-side.
4:43 of 2nd period - Ryan O'Reilly wins face-off versus Nathan MacKinnon in neutral zone.
4:54 of 2nd period - Shot by Brayden Point.
4:54 of 2nd period - Stopped by Carey Price with a rebound.
4:56 of 2nd period - Shot by Brayden Point.
4:56 of 2nd period - Stopped by Carey Price without a rebound.
4:57 of 2nd period - Nazem Kadri wins face-off versus Lars Eller in DETROIT Red Wings zone.
5:04 of 2nd period - Shot by Tyler Johnson.
5:04 of 2nd period - Shot Misses the Net.
5:35 of 2nd period - Lars Eller is hit by John Klingberg.
6:17 of 2nd period - Minor Penalty to Shayne Gostisbehere for Interference.
6:18 of 2nd period - Nathan MacKinnon wins face-off versus Ryan O'Reilly in DETROIT Red Wings zone.
6:26 of 2nd period - Shot by Brayden Point.
6:26 of 2nd period - Stopped by Carey Price with a rebound.
6:28 of 2nd period - Shot by Brayden Point.
6:28 of 2nd period - Shot Blocked by Carl Gunnarsson.
6:30 of 2nd period - Shot by Brayden Point.
6:30 of 2nd period - Shot Misses the Net.
7:06 of 2nd period - Shot by Tyson Barrie.
7:06 of 2nd period - Goal by Tyson Barrie - DETROIT Red Wings : 0 - BUFFALO Sabres : 4.
7:07 of 2nd period - Derek MacKenzie wins face-off versus Henrik Zetterberg in neutral zone.
7:30 of 2nd period - Shot by Micheal Ferland.
7:30 of 2nd period - Deflect By Derek MacKenzie.
7:30 of 2nd period - Shot Misses the Net.
8:11 of 2nd period - Shot by Vladimir Sobotka.
8:11 of 2nd period - Stopped by Carey Price without a rebound.
8:12 of 2nd period - Nathan MacKinnon wins face-off versus Sidney Crosby in DETROIT Red Wings zone.
8:16 of 2nd period - Brayden Point is hit by Cam Fowler and loses puck.
8:22 of 2nd period - Off-side.
8:23 of 2nd period - Ryan O'Reilly wins face-off versus Nazem Kadri in neutral zone.
8:32 of 2nd period - Shot by Alexander Wennberg.
8:32 of 2nd period - Shot Misses the Net.
8:35 of 2nd period - Icing by Ryan Ellis.
8:36 of 2nd period - Sidney Crosby wins face-off versus Nazem Kadri in BUFFALO Sabres zone.
8:44 of 2nd period - Icing by Nazem Kadri.
8:45 of 2nd period - Sidney Crosby wins face-off versus Nazem Kadri in BUFFALO Sabres zone.
9:12 of 2nd period - Shot by Sidney Crosby.
9:12 of 2nd period - Stopped by Braden Holtby with a rebound.
9:23 of 2nd period - Brent Burns is hit by Evgeny Kuznetsov and loses puck.
9:31 of 2nd period - Ryan Ellis is hit by Cam Fowler and loses puck.
9:55 of 2nd period - Shot by Evander Kane.
9:55 of 2nd period - Shot Misses the Net.
11:03 of 2nd period - Shot by Mike Green.
11:03 of 2nd period - Shot Misses the Net.
11:05 of 2nd period - Shot by Matt Hunwick.
11:05 of 2nd period - Shot Misses the Net.
11:07 of 2nd period - Shot by Mike Green.
11:07 of 2nd period - Stopped by Carey Price without a rebound.
11:08 of 2nd period - Derek MacKenzie wins face-off versus Luke Glendening in DETROIT Red Wings zone.
11:08 of 2nd period - Derek MacKenzie is hit by Vladimir Sobotka.
11:28 of 2nd period - Shot by Jesper Bratt.
11:28 of 2nd period - Stopped by Carey Price without a rebound.
11:29 of 2nd period - Nazem Kadri wins face-off versus Sidney Crosby in DETROIT Red Wings zone.
11:37 of 2nd period - Icing by Cam Fowler.
11:38 of 2nd period - Sidney Crosby wins face-off versus Nazem Kadri in DETROIT Red Wings zone.
11:38 of 2nd period - Sidney Crosby is hit by Nazem Kadri.
11:39 of 2nd period - Minor Penalty to Nazem Kadri for Hooking.
11:40 of 2nd period - Sidney Crosby wins face-off versus Luke Glendening in BUFFALO Sabres zone.
11:40 of 2nd period - Erik Karlsson is hit by Ryan Ellis and loses puck.
12:09 of 2nd period - Shot by Erik Karlsson.
12:09 of 2nd period - Stopped by Braden Holtby without a rebound.
12:10 of 2nd period - Luke Glendening wins face-off versus Ryan O'Reilly in BUFFALO Sabres zone.
12:31 of 2nd period - Icing by Jeff Petry.
12:32 of 2nd period - Luke Glendening wins face-off versus Ryan O'Reilly in DETROIT Red Wings zone.
13:17 of 2nd period - Icing by Jeff Petry.
13:18 of 2nd period - Luke Glendening wins face-off versus Ryan O'Reilly in DETROIT Red Wings zone.
13:42 of 2nd period - Icing by Bryan Rust.
13:43 of 2nd period - Nathan MacKinnon wins face-off versus Lars Eller in DETROIT Red Wings zone.
14:39 of 2nd period - Icing by Cam Fowler.
14:40 of 2nd period - Sidney Crosby wins face-off versus Nazem Kadri in DETROIT Red Wings zone.
14:40 of 2nd period - Sidney Crosby is hit by Artemi Panarin.
14:48 of 2nd period - Brent Burns is hit by Evgeny Kuznetsov and loses puck.
14:59 of 2nd period - Icing by T.J. Oshie.
15:00 of 2nd period - Henrik Zetterberg wins face-off versus Sidney Crosby in DETROIT Red Wings zone.
15:09 of 2nd period - Shot by Elias Lindholm.
15:09 of 2nd period - Shot Misses the Net.
15:11 of 2nd period - Shot by Elias Lindholm.
15:11 of 2nd period - Shot Misses the Net.
15:40 of 2nd period - Shot by Henrik Zetterberg.
15:40 of 2nd period - Deflect By James Neal.
15:40 of 2nd period - Shot Blocked by Erik Karlsson.
17:05 of 2nd period - Tyson Barrie is hit by Zach Hyman and loses puck.
17:10 of 2nd period - Shot by Lars Eller.
17:10 of 2nd period - Stopped by Braden Holtby without a rebound.
17:11 of 2nd period - Derek MacKenzie wins face-off versus Luke Glendening in BUFFALO Sabres zone.
17:17 of 2nd period - Icing by Mike Green.
17:18 of 2nd period - Lars Eller wins face-off versus Luke Glendening in BUFFALO Sabres zone.
18:36 of 2nd period - Shot by Nathan MacKinnon.
18:36 of 2nd period - Stopped by Carey Price without a rebound.
18:37 of 2nd period - Nazem Kadri wins face-off versus Sidney Crosby in DETROIT Red Wings zone.
18:38 of 2nd period - Shot by Tyler Johnson.
18:38 of 2nd period - Shot Misses the Net.
18:43 of 2nd period - Minor Penalty to Tyson Barrie for High sticking.
18:43 of 2nd period - Minor Penalty to T.J. Oshie for High sticking.
18:44 of 2nd period - Evgeny Kuznetsov wins face-off versus Nathan MacKinnon in BUFFALO Sabres zone.
18:51 of 2nd period - Shot by Evgeny Kuznetsov.
18:51 of 2nd period - Stopped by Braden Holtby without a rebound.
18:52 of 2nd period - Nathan MacKinnon wins face-off versus Sidney Crosby in BUFFALO Sabres zone.
18:52 of 2nd period - Nathan MacKinnon is hit by Sidney Crosby.
19:01 of 2nd period - Off-side.
19:02 of 2nd period - Sidney Crosby wins face-off versus Nathan MacKinnon in neutral zone.
Goals for this period are 0 for DETROIT Red Wings vs 2 for BUFFALO Sabres.
Shots for this period are 5 for DETROIT Red Wings vs 11 for BUFFALO Sabres.

3rd period


0:01 of 3rd period - Artemi Panarin wins face-off versus Sidney Crosby in neutral zone.
0:50 of 3rd period - Henrik Zetterberg is hit by Jeff Petry and loses puck.
1:10 of 3rd period - Shot by Ryan O'Reilly.
1:10 of 3rd period - Shot Misses the Net.
1:12 of 3rd period - Shot by Evander Kane.
1:12 of 3rd period - Goal by Evander Kane - DETROIT Red Wings : 1 - BUFFALO Sabres : 4.
1:13 of 3rd period - Luke Glendening wins face-off versus Lars Eller in neutral zone.
1:51 of 3rd period - Shot by Bryan Rust.
1:51 of 3rd period - Shot Blocked by Brent Burns.
2:21 of 3rd period - Icing by Erik Karlsson.
2:22 of 3rd period - Nathan MacKinnon wins face-off versus Sidney Crosby in DETROIT Red Wings zone.
2:55 of 3rd period - Shot by Nathan MacKinnon.
2:55 of 3rd period - Stopped by Carey Price without a rebound.
2:56 of 3rd period - Ryan O'Reilly wins face-off versus Tyler Johnson in DETROIT Red Wings zone.
2:58 of 3rd period - Icing by Evander Kane.
2:59 of 3rd period - Nazem Kadri wins face-off versus Ryan O'Reilly in DETROIT Red Wings zone.
3:10 of 3rd period - Shot by Artemi Panarin.
3:10 of 3rd period - Shot Misses the Net.
4:45 of 3rd period - Icing by Erik Karlsson.
4:46 of 3rd period - Henrik Zetterberg wins face-off versus Sidney Crosby in DETROIT Red Wings zone.
5:19 of 3rd period - Tyson Barrie is hit by T.J. Oshie and loses puck.
5:49 of 3rd period - Shot by Artemi Panarin.
5:49 of 3rd period - Deflect By Tyler Johnson.
5:49 of 3rd period - Shot Blocked by Cam Fowler.
6:07 of 3rd period - Shot by Artemi Panarin.
6:07 of 3rd period - Shot Misses the Net.
6:26 of 3rd period - Shot by Evander Kane.
6:26 of 3rd period - Deflect By Alexander Wennberg.
6:26 of 3rd period - Shot Misses the Net.
6:28 of 3rd period - Shot by Alexander Wennberg.
6:28 of 3rd period - Stopped by Braden Holtby without a rebound.
6:29 of 3rd period - Lars Eller wins face-off versus Nathan MacKinnon in BUFFALO Sabres zone.
6:29 of 3rd period - Lars Eller is hit by Brent Burns.
6:42 of 3rd period - Minor Penalty to Carl Gunnarsson for Roughing.
6:43 of 3rd period - Ryan O'Reilly wins face-off versus Nathan MacKinnon in DETROIT Red Wings zone.
7:07 of 3rd period - Shot by Brent Burns.
7:07 of 3rd period - Stopped by Carey Price without a rebound.
7:08 of 3rd period - Ryan O'Reilly wins face-off versus Nazem Kadri in DETROIT Red Wings zone.
7:21 of 3rd period - Shot by Jaden Schwartz.
7:21 of 3rd period - Goal by Jaden Schwartz - DETROIT Red Wings : 1 - BUFFALO Sabres : 5.
7:22 of 3rd period - Henrik Zetterberg wins face-off versus Derek MacKenzie in neutral zone.
8:00 of 3rd period - Off-side.
8:01 of 3rd period - Nathan MacKinnon wins face-off versus Ryan O'Reilly in neutral zone.
8:22 of 3rd period - Shot by Brayden Point.
8:22 of 3rd period - Shot Blocked by Cam Fowler.
8:24 of 3rd period - Shot by Nathan MacKinnon.
8:24 of 3rd period - Shot Blocked by Cam Fowler.
8:26 of 3rd period - Shot by Brayden Point.
8:26 of 3rd period - Stopped by Carey Price with a rebound.
8:28 of 3rd period - Shot by Jaden Schwartz.
8:28 of 3rd period - Shot Misses the Net.
9:03 of 3rd period - Shot by Artemi Panarin.
9:03 of 3rd period - Goal by Artemi Panarin - DETROIT Red Wings : 1 - BUFFALO Sabres : 6.
9:03 of 3rd period - Aaron Dell enters game.
9:04 of 3rd period - Sidney Crosby wins face-off versus Henrik Zetterberg in neutral zone.
9:27 of 3rd period - Shot by T.J. Oshie.
9:27 of 3rd period - Stopped by Braden Holtby without a rebound.
9:28 of 3rd period - Nazem Kadri wins face-off versus Zach Hyman in BUFFALO Sabres zone.
10:05 of 3rd period - Icing by Shayne Gostisbehere.
10:06 of 3rd period - Nathan MacKinnon wins face-off versus Lars Eller in DETROIT Red Wings zone.
10:48 of 3rd period - Shot by Brayden Point.
10:48 of 3rd period - Deflect By Nathan MacKinnon.
10:48 of 3rd period - Stopped by Aaron Dell without a rebound.
10:49 of 3rd period - Sidney Crosby wins face-off versus Nazem Kadri in DETROIT Red Wings zone.
11:39 of 3rd period - Icing by Brent Burns.
11:40 of 3rd period - Ryan O'Reilly wins face-off versus Nazem Kadri in BUFFALO Sabres zone.
11:41 of 3rd period - Shot by Cam Fowler.
11:41 of 3rd period - Shot Blocked by Ryan Ellis.
11:52 of 3rd period - Icing by Nazem Kadri.
11:53 of 3rd period - Nazem Kadri wins face-off versus Derek MacKenzie in BUFFALO Sabres zone.
13:03 of 3rd period - Shot by Sidney Crosby.
13:03 of 3rd period - Stopped by Braden Holtby without a rebound.
13:04 of 3rd period - Ryan O'Reilly wins face-off versus Henrik Zetterberg in BUFFALO Sabres zone.
13:04 of 3rd period - Ryan O'Reilly is hit by Mike Green.
13:06 of 3rd period - Shot by Alexander Wennberg.
13:06 of 3rd period - Deflect By Ryan O'Reilly.
13:06 of 3rd period - Stopped by Braden Holtby without a rebound.
13:07 of 3rd period - Sidney Crosby wins face-off versus Henrik Zetterberg in BUFFALO Sabres zone.
14:08 of 3rd period - Icing by Ryan Ellis.
14:09 of 3rd period - Henrik Zetterberg wins face-off versus Lars Eller in BUFFALO Sabres zone.
14:40 of 3rd period - Shot by Brayden Point.
14:40 of 3rd period - Shot Blocked by Lars Eller.
14:42 of 3rd period - Shot by Jaden Schwartz.
14:42 of 3rd period - Shot Misses the Net.
14:44 of 3rd period - Shot by Brayden Point.
14:44 of 3rd period - Goal by Brayden Point - DETROIT Red Wings : 1 - BUFFALO Sabres : 7.
14:45 of 3rd period - Ryan O'Reilly wins face-off versus Nazem Kadri in neutral zone.
15:02 of 3rd period - Shot by Evander Kane.
15:02 of 3rd period - Shot Misses the Net.
15:05 of 3rd period - Icing by Mike Green.
15:06 of 3rd period - Sidney Crosby wins face-off versus Nazem Kadri in BUFFALO Sabres zone.
15:34 of 3rd period - Shot by Nazem Kadri.
15:34 of 3rd period - Stopped by Aaron Dell without a rebound.
15:35 of 3rd period - Ryan O'Reilly wins face-off versus Nathan MacKinnon in DETROIT Red Wings zone.
15:49 of 3rd period - Shot by Evander Kane.
15:49 of 3rd period - Stopped by Braden Holtby without a rebound.
15:50 of 3rd period - Henrik Zetterberg wins face-off versus Lars Eller in BUFFALO Sabres zone.
16:05 of 3rd period - Shot by Henrik Zetterberg.
16:05 of 3rd period - Stopped by Aaron Dell without a rebound.
16:06 of 3rd period - Ryan O'Reilly wins face-off versus Nathan MacKinnon in DETROIT Red Wings zone.
16:06 of 3rd period - Evander Kane is hit by Nathan MacKinnon and loses puck.
16:38 of 3rd period - Shot by Jaden Schwartz.
16:38 of 3rd period - Stopped by Aaron Dell with a rebound.
16:48 of 3rd period - Shot by Nathan MacKinnon.
16:48 of 3rd period - Stopped by Aaron Dell without a rebound.
16:49 of 3rd period - Sidney Crosby wins face-off versus Nazem Kadri in DETROIT Red Wings zone.
16:54 of 3rd period - Shot by Artemi Panarin.
16:54 of 3rd period - Shot Blocked by Cam Fowler.
16:56 of 3rd period - Shot by Artemi Panarin.
16:56 of 3rd period - Stopped by Aaron Dell without a rebound.
16:57 of 3rd period - Nazem Kadri wins face-off versus Sidney Crosby in DETROIT Red Wings zone.
16:57 of 3rd period - Tyson Barrie is hit by Erik Karlsson and loses puck.
17:07 of 3rd period - Artemi Panarin is hit by Erik Karlsson and loses puck.
19:05 of 3rd period - Shot by Evander Kane.
19:05 of 3rd period - Stopped by Braden Holtby with a rebound.
19:07 of 3rd period - Shot by Shayne Gostisbehere.
19:07 of 3rd period - Shot Misses the Net.
Goals for this period are 1 for DETROIT Red Wings vs 3 for BUFFALO Sabres.
Shots for this period are 7 for DETROIT Red Wings vs 12 for BUFFALO Sabres.